 Dungeon Crawl Stone Soup version 0.21-a0-401-g0b6bec4 (webtiles) character file.

24945 Moloch the Destroyer (level 12, -1/74 HPs)
             Began as a Demonspawn Wizard on Oct 24, 2017.
             Was a Priest of Vehumet.
             Slain by a hell rat (3 damage)
             ... on level 5 of the Lair of Beasts.
             The game lasted 01:20:10 (19979 turns).

Moloch the Destroyer (Demonspawn Wizard)           Turns: 19979, Time: 01:20:11

Health: -1/74      AC: 14    Str: 14    XL:     12   Next: 85%
Magic:  27/35      EV: 11    Int: 28    God:    Vehumet [***...]
Gold:   886        SH:  0    Dex: 13    Spells: 4/32 levels left

rFire    + . .     SeeInvis .   b - +1 dagger (venom)
rCold    + . .     Gourm    .   (no shield)
rNeg     . . .     Faith    .   a - +0 robe
rPois    .         Spirit   .   p - +0 helmet
rElec    .         Reflect  .   z - +0 cloak
rCorr    .         Harm     .   U - +0 pair of gloves
MR       .....                  (boots unavailable)
Stlth    +.........             (no amulet)
HPRegen  0.22/turn              X - ring of protection from cold
MPRegen  0.24/turn              f - ring of magical power

@: mighty, sanguine armour, heavily drained
A: talons 3, agile 1, clever 2, fire resistance 1, powered by death 1, powered
by pain 1, sanguine armour 2
a: Renounce Religion


You were on level 5 of the Lair of Beasts.
You worshipped Vehumet.
Vehumet was most pleased with you.
You were not hungry.

You visited 3 branches of the dungeon, and saw 15 of its levels.
You also visited: Ossuary.

You collected 886 gold pieces.

Inventory:

Hand Weapons
 b - a +1 dagger of venom (weapon)
 x - a +0 blowgun
 E - a +1 dagger of electrocution
Missiles
 n - 7 tomahawks (quivered)
 y - 13 poisoned needles
Armour
 a - a +0 robe (worn)
 p - a +0 helmet (worn)
 z - a +0 cloak (worn)
 U - a +0 pair of gloves (worn)
Magical Staves
 V - an uncursed staff of air
Jewellery
 f - a ring of magical power (right hand)
 l - an uncursed ring of positive energy
 v - an uncursed ring of see invisible
 G - a +4 ring of intelligence
 X - a ring of protection from cold (left hand)
Wands
 c - a wand of digging (12/24)
 e - a wand of iceblast (8/15)
 K - a wand of polymorph (10/24)
 L - a wand of lightning (6/15)
 N - a wand of paralysis (13/24)
 O - a wand of digging (13/24)
 P - a wand of polymorph (10/24)
Scrolls
 i - 4 scrolls of immolation
 j - 2 scrolls of recharging {unknown}
 k - 3 scrolls of fear
 o - 4 scrolls of remove curse
 q - a scroll of enchant armour
 s - a scroll of fog
 w - a scroll of blinking
 F - 3 scrolls of teleportation
 Q - 2 scrolls of brand weapon
 T - a scroll of silence
 W - a scroll of amnesia
Potions
 h - 3 potions of ambrosia
 m - a potion of might {unknown}
 u - 3 potions of cancellation
 A - 3 potions of berserk rage
 C - 2 potions of agility
 D - 3 potions of mutation
 H - 2 potions of brilliance
 I - a potion of curing
 J - 4 potions of haste
 M - 3 potions of magic
 Y - a potion of invisibility
Books
 g - Jel Liwk's Tome of Heat and Augmentations
   (You acquired it on level 4 of the Lair of Beasts)

   Spells                             Type                      Level
   a - Throw Flame                    Conjuration/Fire             2
   b - Sticky Flame                   Conjuration/Fire             4
   c - Iskenderun's Battlesphere      Conjuration/Charms           5
   d - Ring of Flames                 Charms/Fire                  7
 R - a book of Ice

   Spells                             Type                      Level
   a - Ice Form                       Ice/Transmutation            4
   b - Metabolic Englaciation         Hexes/Ice                    5
   c - Ozocubu's Refrigeration        Ice                          6
   d - Bolt of Cold                   Conjuration/Ice              6
   e - Freezing Cloud                 Conjuration/Ice/Air          6
   f - Simulacrum                     Ice/Necromancy               6
Comestibles
 d - 7 bread rations
 r - 8 meat rations
 t - 9 royal jellies
 B - a chunk of flesh
 S - 5 fruits


   Skills:
 - Level 1.7(0.0) Dodging
 - Level 1.7(0.0) Stealth
 + Level 10.9(8.7) Spellcasting
 + Level 12.1(9.7) Conjurations
 - Level 1.0(0.0) Summonings
 - Level 0.8(0.0) Translocations
 * Level 11.4(9.1) Fire Magic
 - Level 6.0(4.0) Air Magic


You had 4 spell levels left.
You knew the following spells:

 Your Spells              Type           Power        Failure   Level  Hunger
a - Magic Dart            Conj           ####         1%          1    None
b - Blink                 Tloc           N/A          7%          2    None
c - Call Imp              Summ           ##......     7%          2    None
d - Mephitic Cloud        Conj/Pois/Air  #####...     1%          3    None
e - Conjure Flame         Conj/Fire      ######..     1%          3    None
f - Flame Tongue          Conj/Fire      #####        1%          1    None
g - Stone Arrow           Conj/Erth      #####.       1%          3    None
h - Freezing Cloud        Conj/Ice/Air   #####.....   26%         6    ######.
i - Ring of Flames        Chrm/Fire      #####.....   99%         7    #######


Dungeon Overview and Level Annotations

Branches:
Dungeon (9/15)             Temple (1/1) D:7            Lair (5/6) D:8
  Swamp (0/4) Lair:3        Snake (0/4) Lair:3
  Slime: Lair:5-6       Orc: D:9-12

Altars:
Cheibriados
Elyvilon
Kikubaaqudgha
Makhleb
Nemelex Xobeh
Okawaru
Qazlal
Ru
Sif Muna
Uskayaw
Vehumet
Wu Jian
Yredelemnul
Zin

Shops:
D:4 *

Annotations:
Lair:2 anet's ghost, journeyman DEWz


Innate Abilities, Weirdness & Mutations

You have claws for feet.
You regenerate a little health from kills.
You sometimes gain a little power by taking damage.
When seriously injured, your bleeding wounds create thick armour. (AC +9)
You are agile. (Dex +2)
Your mind is very acute. (Int +4)
Your flesh is heat resistant. (rF+)


Message History

Casting: Flame Tongue
Confirm with . or Enter, or press ? or * to list all spells.
You blink.
Casting: Blink
Confirm with . or Enter, or press ? or * to list all spells.
You don't know that spell.
Casting: Blink
Confirm with . or Enter, or press ? or * to list all spells.
You blink.
Unknown command.
Casting: Blink
Confirm with . or Enter, or press ? or * to list all spells.
You blink.
The hell rat barely misses you.
The river rat bites you but does no damage.
The hell rat barely misses you. The hell rat bites you!
* * * LOW HITPOINT WARNING * * *
You focus on the pain.
You feel mightier all of a sudden.
You feel drained.
You die...

..............+....rr##.....
.#..###.r#..#.# ######...#..
#. ###r####+####..###.##..
#. #....÷'...+.....##.#... #
#....##...##....##...?.
#....##...#.....##.....
##.####+..#..#.###...#.
...#.#.#.r....####.#...#.#
#.......§r@r............###
#..........P#P#....#.P###
#.....#.#P#####.#######
##.######## ### ##


You could see 2 hell rats and a river rat.

Vanquished Creatures
  4 hydras
  Erica (D:8)
  A death yak (Lair:5)
  2 two-headed ogres
  A black mamba (Lair:5)
  A torpor snail (Lair:4)
  15 elephants
  7 spiny frogs
  A komodo dragon (Lair:2)
  A queen bee (D:8)
  A polar bear (Lair:3)
  4 tyrant leeches
  6 hippogriffs
  10 blink frogs
  6 yaks
  2 wyverns
  2 basilisks (Lair:1)
  2 hungry ghosts
  2 swamp worms (Lair:3)
  4 nagas (Lair:3)
  7 water moccasins
  4 porcupines
  A black bear (Lair:4)
  An orc warrior (D:9)
  3 ice beasts
  A sky beast (D:5)
  A phantom (D:7)
  4 ogres
  3 wolves
  6 crocodiles
  A gnoll sergeant (D:8)
  8 bullfrogs
  A water moccasin zombie (D:7)
  4 scorpions (D:7)
  14 killer bees
  2 centaur zombies
  2 crimson imps
  A jelly (D:9)
  A quasit (D:5)
  6 orc wizards
  5 hounds
  A centaur skeleton (D:7)
  2 human zombies (Ossuary)
  4 orc priests
  Jessica (D:3)
  Natasha (twice) (D:2)
  2 iguanas (D:5)
  3 hell rats (Lair:5)
  8 worker ants
  A hound zombie (D:7)
  5 mummies (Ossuary)
  A howler monkey zombie (D:6)
  A worker ant zombie (D:7)
  7 gnolls
  8 adders
  A river rat (Lair:5)
  A shadow imp (D:6)
  An ooze (D:1)
  3 adder zombies
  An adder skeleton (D:4)
  A worm (D:3)
  A dart slug (D:1)
  3 leopard geckos
  30 orcs
  21 bats
  4 giant cockroaches
  A gnoll zombie (Ossuary)
  7 goblins
  8 hobgoblins
  7 kobolds
  5 quokkas
  A ball python skeleton (D:4)
  5 frilled lizards
  2 goblin zombies (Ossuary)
  A jackal skeleton (D:5)
  A kobold zombie (Ossuary)
  An orc zombie (Ossuary)
  13 rats
  2 fungi
  A plant (Lair:4)
317 creatures vanquished.

Vanquished Creatures (collateral kills)
  A troll (D:9)
  A phantom (D:5)
  2 hounds (D:4)
  An orc wizard (D:3)
  Crazy Yiuf (D:3)
  A mummy (Ossuary)
  A worm (D:4)
  A leopard gecko (D:3)
  An orc (D:4)
10 creatures vanquished.

Vanquished Creatures (others)
  5 fungi
  3 plants
8 creatures vanquished.

Grand Total: 335 creatures vanquished

Notes
Turn   | Place    | Note
-------+----------+-------------------------------------------
     0 | D:1      | Moloch the Demonspawn Wizard began the quest for the Orb.
     0 | D:1      | Reached XP level 1. HP: 13/13 MP: 4/4
   215 | D:1      | Reached skill level 2 in Conjurations
   264 | D:1      | Gained mutation: You regenerate a little health from kills. [demonic ancestry]
   264 | D:1      | Reached XP level 2. HP: 18/19 MP: 3/6
   836 | D:1      | Reached skill level 3 in Conjurations
   856 | D:2      | Reached XP level 3. HP: 18/24 MP: 3/7
  1082 | D:2      | Noticed Natasha
  1089 | D:2      | Killed Natasha
  1089 | D:2      | Reached XP level 4. HP: 16/30 MP: 1/8
  1254 | D:2      | Noticed Natasha
  1260 | D:2      | Killed Natasha
  1260 | D:2      | Reached skill level 4 in Conjurations
  1264 | D:2      | Learned a level 2 spell: Blink
  1267 | D:2      | Learned a level 2 spell: Call Imp
  1271 | D:2      | Learned a level 3 spell: Mephitic Cloud
  2086 | D:3      | Reached XP level 5. HP: 33/35 MP: 2/9
  2199 | D:3      | Found a runed door.
  2288 | D:3      | Reached skill level 5 in Conjurations
  2490 | D:3      | Noticed Jessica
  2492 | D:3      | Killed Jessica
  2872 | D:3      | Noticed Crazy Yiuf
  2888 | D:3      | Killed Crazy Yiuf
  2998 | D:4      | Noticed an ogre
  3012 | D:4      | Killed an ogre
  3012 | D:4      | Reached skill level 6 in Conjurations
  3012 | D:4      | Reached XP level 6. HP: 9/41 MP: 1/11
  3651 | D:4      | Gained mutation: When seriously injured, your bleeding wounds create armour. (AC +9) [demonic ancestry]
  3651 | D:4      | Reached XP level 7. HP: 20/46 MP: 4/13
  3867 | D:4      | Found Esusoac's Assorted Antiques.
  3890 | D:4      | Learned a level 3 spell: Conjure Flame
  3904 | D:4      | Found an ancient bone altar of Kikubaaqudgha.
  4122 | D:5      | Entered Level 5 of the Dungeon
  4189 | D:5      | Reached skill level 7 in Conjurations
  4245 | D:5      | Reached skill level 5 in Spellcasting
  4432 | D:5      | Gained mutation: You are agile. (Dex +2) [mutagenic meat]
  4433 | D:5      | Gained mutation: Your magical capacity is low. (-10% MP) [mutagenic meat]
  4434 | D:5      | Gained mutation: You evolve. [mutagenic meat]
  4435 | D:5      | Gained mutation: Your mind is acute. (Int +2) [mutagenic meat]
  4671 | D:5      | Gained mutation: Your flesh is heat resistant. (rF+) [evolution]
  4808 | D:5      | Got a transparent ring mail
  4897 | D:6      | Identified the cursed +0 ring mail "Jafeor Utika" {rN+ Str+3} (You found it on level 5 of the Dungeon)
  4916 | D:6      | Found a stormy altar of Qazlal.
  5014 | D:6      | Gained mutation: You have sharp toenails. [demonic ancestry]
  5014 | D:6      | Reached XP level 8. HP: 44/52 MP: 11/15
  5026 | D:6      | Found a sand-covered staircase.
  5031 | Ossuary  | Entered an ossuary
  5743 | D:7      | Reached skill level 8 in Conjurations
  5941 | D:7      | Found a staircase to the Ecumenical Temple.
  6162 | Temple   | Entered the Ecumenical Temple
  6181 | Temple   | Became a worshipper of Vehumet
  6560 | D:7      | Reached skill level 9 in Conjurations
  6933 | D:7      | Gained mutation: You sometimes gain a little power by taking damage. [demonic ancestry]
  6933 | D:7      | Reached XP level 9. HP: 47/57 MP: 15/18
  7202 | D:8      | Noticed Erica
  7234 | D:8      | Killed Erica
  7526 | D:8      | Reached skill level 10 in Conjurations
  7902 | D:8      | Noticed a two-headed ogre
  7945 | D:8      | Noticed a two-headed ogre
  8143 | D:8      | Killed a two-headed ogre
  8260 | D:8      | Found a staircase to the Lair.
  8359 | D:9      | Reached * piety under Vehumet
  8359 | D:9      | Offered knowledge of Flame Tongue by Vehumet.
  8368 | D:9      | Learned a level 1 spell: Flame Tongue
  8370 | D:9      | Noticed a troll
  8379 | D:9      | Killed a troll
  8379 | D:9      | Reached skill level 1 in Fire Magic
  8380 | D:9      | Noticed a two-headed ogre
  8591 | D:9      | Gained mutation: You have razor-sharp toenails. [demonic ancestry]
  8591 | D:9      | Reached XP level 10. HP: 55/63 MP: 14/20
  8874 | D:9      | Noticed a two-headed ogre
  9456 | D:9      | Killed a two-headed ogre
  9716 | D:9      | Reached ** piety under Vehumet
  9880 | D:9      | Offered knowledge of Throw Flame by Vehumet.
 10432 | D:9      | Noticed a manticore
 10521 | Lair:1   | Entered Level 1 of the Lair of Beasts
 10562 | Lair:1   | Noticed a spiny frog
 10603 | Lair:1   | Killed a spiny frog
 11074 | Lair:1   | Noticed a spiny frog
 11074 | Lair:1   | Noticed a four-headed hydra
 11075 | Lair:1   | Noticed a six-headed hydra
 11081 | Lair:1   | You fall through a shaft!
 11087 | Lair:2   | Noticed anet's ghost (journeyman DEWz)
 11096 | Lair:2   | Noticed a spiny frog
 11132 | Lair:2   | Killed a spiny frog
 11132 | Lair:2   | Gained mutation: When seriously injured, your bleeding wounds create thick armour. (AC +9) [demonic ancestry]
 11132 | Lair:2   | Reached XP level 11. HP: 30/68 MP: 12/21
 11850 | Lair:1   | Offered knowledge of Stone Arrow by Vehumet.
 11928 | Lair:1   | Killed a six-headed hydra
 12123 | Lair:1   | Noticed a five-headed hydra
 12170 | Lair:1   | Killed a five-headed hydra
 12170 | Lair:1   | Reached skill level 10 in Fire Magic
 12597 | Lair:1   | Learned a level 3 spell: Stone Arrow
 12954 | Lair:1   | Lost mutation: Your magical capacity is low. (-10% MP) [evolution]
 14173 | Lair:3   | Reached *** piety under Vehumet
 14296 | Lair:3   | Reached skill level 11 in Conjurations
 14643 | Lair:3   | Found a staircase to the Swamp.
 14729 | Lair:1   | Killed a four-headed hydra
 15343 | Lair:3   | Gained mutation: You have claws for feet. [demonic ancestry]
 15343 | Lair:3   | Reached XP level 12. HP: 71/74 MP: 14/25
 15535 | Lair:3   | Reached skill level 10 in Spellcasting
 16194 | Lair:3   | Found a staircase to the Snake Pit.
 17098 | Lair:3   | Gained mutation: Your mind is very acute. (Int +4) [evolution]
 17098 | Lair:3   | Lost mutation: You evolve. [end of evolution]
 17882 | Lair:4   | Reached skill level 12 in Conjurations
 18102 | Lair:4   | Learned a level 6 spell: Freezing Cloud
 18107 | Lair:4   | Identified a scroll of acquirement
 18109 | Lair:4   | Identified Jel Liwk's Tome of Heat and Augmentations (You acquired it on level 4 of the Lair of Beasts)
 18121 | Lair:4   | Learned a level 7 spell: Ring of Flames
 18162 | Lair:4   | Reached skill level 1 in Air Magic
 18322 | Lair:4   | Offered knowledge of Inner Flame by Vehumet.
 18823 | Lair:5   | Noticed a death yak
 18823 | Lair:5   | Noticed a death yak
 18824 | Lair:5   | Noticed a death yak
 19198 | Lair:5   | Noticed a six-headed hydra
 19225 | Lair:5   | Killed a six-headed hydra
 19225 | Lair:5   | Reached skill level 5 in Air Magic
 19231 | Lair:5   | Killed a death yak
 19463 | Lair:5   | Noticed a death yak
 19464 | Lair:5   | Noticed a death yak
 19979 | Lair:5   | HP: 2/74 [hell rat (16)]
 19979 | Lair:5   | Slain by a hell rat

Vault maps used:
D:1:      minmay_arrival_hallway
D:2:      uniq_natasha
D:3:      first_bread, minmay_misc_feat_five, uniq_jessica,
          uniq_crazy_yiuf_cottage
D:4:      kiku_gazebo_pond_becter, serial_shops,
          nicolae_shop_overgrown_old_shop, kennysheep_boxes
D:6:      enter_ossuary_5, basic_altar
D:7:      old_forge, minmay_temple_entry_steel_oval
D:8:      lair_entry_dummy, uniq_erica
D:9:      minmay_ornate_pinched, eino_small_chamber_without_monster,
          david_nohive_1
Temple:   compressed_dpeg_triangle_lava_temple
Lair:1:   serial_bayou_pond_d, st_stairs_9, nzn_random_ring
Lair:2:   st_stairs_6, bh_autumn_forest_stairs
Lair:3:   minmay_swamp_entry_worms, minmay_snake_entry_guardpost_medium
Lair:4:   minivault_25
Lair:5:   kennysheep_abandoned_house, serial_bayou_shore_b,
          serial_bayou_shore_a, infiniplex_staircase_pool_2, uniq_snorg,
          uniq_kirke
Ossuary:  ossuary_crypta

Skill      XL: |  1  2  3  4  5  6  7  8  9 10 11 12 |
---------------+-------------------------------------+-----
Conjurations   | 2 3 4 6 7 9 10 11 12 | 12.1
Spellcasting   | 4 5 7 9 10 | 10.9
Fire Magic     | 1 8 11 | 11.4
Air Magic      | 6 |  6.0
Dodging        | |  1.7
Stealth        | |  1.7
Summonings     | |  1.0
Translocations | |  0.8

Action                   |  1- 3 |  4- 6 |  7- 9 | 10-12 || total
-------------------------+-------+-------+-------+-------++-------
Melee: Unarmed           |     3 |       |       |       ||     3
       Dagger            |     1 |    69 |   207 |    32 ||   309
       Kick              |       |       |    31 |    13 ||    44
 Cast: Magic Dart        |    63 |   102 |   142 |    79 ||   386
       Call Imp          |       |    21 |    20 |     8 ||    49
       Mephitic Cloud    |       |     4 |    43 |    82 ||   129
       Blink             |       |     1 |     2 |    31 ||    34
       Conjure Flame     |       |       |    15 |    62 ||    77
       Flame Tongue      |       |       |     1 |   441 ||   442
       Stone Arrow       |       |       |       |   144 ||   144
       Freezing Cloud    |       |       |       |     7 ||     7
Evoke: Wand              |       |       |    21 |    10 ||    31
  Use: Scroll            |       |       |    21 |    20 ||    41
       Potion            |       |       |     1 |     2 ||     3
 Stab: Confused          |       |       |    12 |     2 ||    14
       Held in net/web   |       |       |     1 |       ||     1
       Sleeping          |       |       |     1 |       ||     1
  Eat: Chunk             |       |     7 |    19 |    22 ||    48
       Fruit             |       |     2 |     2 |     4 ||     8
       Royal jelly       |       |       |       |     6 ||     6
Armor: Robe              |     5 |    21 |    63 |    51 ||   140
Dodge: Dodged            |     6 |    52 |   129 |   117 ||   304

Table legend:
 A = Spawn XP
 B = Non-spawn XP
 C = Spawn XP percentage of total XP
 D = Spawn monster count
 E = Non-spawn monster count
 F = Spawn count percentage of total count
 G = Total turns spent on level
                    A         B        C        D         E        F      G
               +---------+---------+-------+---------+---------+-------+---------
         Total |       0 |   35636 |   0.0 |       0 |     324 |   0.0 | 19979
               +---------+---------+-------+---------+---------+-------+---------
           D:1 |       0 |      40 |   0.0 |       0 |      20 |   0.0 |   853
           D:2 |       0 |     100 |   0.0 |       0 |      19 |   0.0 |   925
           D:3 |       0 |     317 |   0.0 |       0 |      35 |   0.0 |  1562
           D:4 |       0 |     416 |   0.0 |       0 |      22 |   0.0 |   782
           D:5 |       0 |     497 |   0.0 |       0 |      15 |   0.0 |   759
           D:6 |       0 |     139 |   0.0 |       0 |       7 |   0.0 |   646
           D:7 |       0 |    1274 |   0.0 |       0 |      34 |   0.0 |  1472
           D:8 |       0 |    3067 |   0.0 |       0 |      26 |   0.0 |  1925
           D:9 |       0 |    3185 |   0.0 |       0 |      36 |   0.0 |  1204
        Lair:1 |       0 |    7004 |   0.0 |       0 |      24 |   0.0 |  3188
        Lair:2 |       0 |    3859 |   0.0 |       0 |      14 |   0.0 |  1966
        Lair:3 |       0 |    5941 |   0.0 |       0 |      22 |   0.0 |  2127
        Lair:4 |       0 |    6388 |   0.0 |       0 |      21 |   0.0 |  1238
        Lair:5 |       0 |    3177 |   0.0 |       0 |      15 |   0.0 |   939
       Ossuary |       0 |     232 |   0.0 |       0 |      14 |   0.0 |   364
               +---------+---------+-------+---------+---------+-------+---------
